 Dungeon Crawl Stone Soup version bcrawl-1.38.1 (webtiles) character file.

Game seed: 2925522051682300508

153782 Alturiack the Shooter (level 4, -2/29 HPs)
             Began as a Fairy Arcane Marksman on Apr 9, 2023.
             Killed by nerve-wracking pain
             ... invoked by an orc priest
              (7 damage)
             ... on level 3 of the Dungeon.
             The game lasted 00:09:08 (1600 turns).

Alturiack the Shooter (Fairy Arcane Marksman)       Turns: 1600, Time: 00:09:09

Health: -2/29      AC:  4    Str:  8    XL:     4   Next: 72%
Magic:  10/10      EV: 16    Int: 16    God:
Gold:   118        SH:  4    Dex: 14    Spells: 7/8 levels left

rFire    . . .     GDR:     26% a - +1 shortbow
rCold    . . .     SeeInvis .   (shield currently unavailable)
rNeg     . . .     Gourm    +   (armour unavailable)
rPois    .         Faith    .   (no helmet)
rElec    .         Spirit   .   (no cloak)
rCorr    .         Reflect  .   (no gloves)
MR       .....                  (no boots)
Stlth    ..........             m - amulet of the gourmand
HPRegen  0.14/turn              (no ring)
MPRegen  0.12/turn              (no ring)

@: flying evasively
A: small, magic attunement, unstealthy, unfitting armour, able to fly, AC/SH +4
a: Stop Flying


You were on level 3 of the Dungeon.
You were very hungry.

You visited 1 branch of the dungeon, and saw 3 of its levels.

You collected 118 gold pieces.

Inventory:

Hand Weapons
 a - a +1 shortbow (weapon)
 b - a +0 dagger
Missiles
 d - 44 arrows (quivered)
 h - a throwing net {=f}
Jewellery
 m - an amulet of the gourmand (around neck)
Scrolls
 c - a scroll of amnesia {unknown}
 i - a scroll of identify
 k - a scroll of enchant armour {unknown}
 n - a scroll of teleportation {unknown}
 o - a scroll of fear {unknown}
Potions
 f - a potion of resistance {unknown}
 g - 3 potions of heal wounds {unknown}
 j - a potion of agility {unknown}
 l - a potion of haste {unknown}
Comestibles
 e - 3 rations {!d}
 p - 3 chunks of flesh


   Skills:
 - Level 1.7 Fighting
 * Level 3.9 Bows
 - Level 2.6 Dodging
 - Level 2.6 Spellcasting
 - Level 3.0 Hexes


You had 7 spell levels left.
You knew the following spells:

 Your Spells              Type           Power        Failure   Level  Hunger
a - Corona                Hex            ##.....      5%          1    None

Your spell library contained the following spells:

 Spells                   Type           Power        Failure   Level  Hunger
 Shackle                  Hex            ##......     9%          2    None
 False Image              Hex/Summ       #.......     30%         3    None
 Inner Flame              Hex/Fire       N/A          30%         3    None
 Cause Fear               Hex            ##........   50%         4    None
 Yara's Violent Unravell  Hex/Tmut       #.........   71%         4    None


Dungeon Overview and Level Annotations

Branches:
Dungeon (3/12)

Altars:
Nemelex Xobeh


Innate Abilities, Weirdness & Mutations

Your spells do not cause hunger and MP costs are reduced by 1.
Your bright wings attract enemies. (Stealth-)
You cannot fit into any form of body armour.
Your shimmering scales are hard and can block incoming attacks. (AC +4, SH +4)
You are small and have problems with some larger weapons.
You can fly continuously.


Message History

Firing (i - inventory. (/) - cycle)
d - 47 arrows (quivered)
Press: ? - help, Shift-Dir - straight line, f/p - orc priest
Aim: an orc priest, wielding a +0 hand axe and wearing a +0 ring mail (moderately wounded)
You shoot an arrow. The arrow barely misses the orc priest.
Firing (i - inventory. (/) - cycle)
d - 46 arrows (quivered)
Press: ? - help, Shift-Dir - straight line, f/p - orc priest
Aim: an orc priest, wielding a +0 hand axe and wearing a +0 ring mail (moderately wounded)
You shoot an arrow. The arrow hits the orc priest.
The orc priest is severely wounded.
The orc priest invokes the aid of Beogh against you.
Beogh smites you!
* * * LOW HITPOINT WARNING * * *
Firing (i - inventory. (/) - cycle)
d - 45 arrows (quivered)
Press: ? - help, Shift-Dir - straight line, f/p - orc priest
Aim: an orc priest, wielding a +0 hand axe and wearing a +0 ring mail (severely wounded)
You shoot an arrow. The arrow hits the orc priest.
The orc priest is almost dead.
The orc priest mumbles some strange prayers to Beogh against you.
Pain shoots through your body!
You die...

.>............../#
....##.###.......#
... #. ##.##...# .
#. #.##...#
#.####.#....#
#......#.o..#
#####!...?...#
.#........#####
>......@..#
###..(....#
#.......#
..........#
###.......#
#.......#
#.......#
#..(....#


You could see an orc priest.

Vanquished Creatures
  A hound skeleton (D:3)
  An adder (D:2)
  4 worms
  4 dart slugs
  5 leopard geckos
  An orc (D:3)
  5 bats
  3 goblins
  5 hobgoblins
  6 jackals
  4 frilled lizards
  8 kobolds (D:2)
  6 rats
53 creatures vanquished.

Notes
Turn   | Place    | Note
-------+----------+-------------------------------------------
     0 | D:1      | Alturiack the Fairy Arcane Marksman began the quest for the
                  | Orb.
     0 | D:1      | Reached XP level 1. HP: 14/14 MP: 6/6
   198 | D:1      | Reached XP level 2. HP: 19/19 MP: 7/7
   394 | D:1      | Reached XP level 3. HP: 24/24 MP: 9/9
   932 | D:2      | Reached XP level 4. HP: 29/29 MP: 10/10
  1536 | D:3      | Found a sparkling altar of Nemelex Xobeh.
  1600 | D:3      | Killed from afar by an orc priest

Skill      XL: |  1  2  3 |
---------------+----------+-----
Bows           | 2 3 |  3.9
Fighting       | |  1.7
Dodging        | |  2.6
Spellcasting   | |  2.6
Hexes          | |  3.0

Action                   |  1- 3 |  4- 6 || total
-------------------------+-------+-------++-------
 Fire: Shortbow          |   107 |    89 ||   196
  Use: Scroll            |       |     1 ||     1
  Eat: Chunk             |     3 |     3 ||     6
Armor: Skin              |    13 |    16 ||    29
Dodge: Dodged            |    48 |    30 ||    78
Block: Other             |    13 |     6 ||    19
